 Dungeon Crawl Stone Soup version 0.32-a0-485-g70f7560b1c (webtiles) character file.

Game seed: 17412717469667420900

100 Malificent the Conjurer (level 4, 0/32 HPs)
             Began as a Gnoll Conjurer on Feb 26, 2024.
             Slain by Terence
             ... wielding a +0 flail
              (3 damage)
             ... on level 2 of the Dungeon.
             The game lasted 00:05:14 (1390 turns).

Malificent the Conjurer (Gnoll Conjurer)            Turns: 1390, Time: 00:05:14

Health: 0/32       AC:  2    Str:  6    XL:     4   Next: 74%
Magic:  4/11       EV: 13    Int: 19    God:
Gold:   52         SH:  0    Dex: 11    Spells: 12/13 levels left

rFire   . . .        d - +3 whip
rCold   . . .        (no shield)
rNeg    . . .        a - +0 robe
rPois   .            (no helmet)
rElec   .            (no cloak)
rCorr   .            (no gloves)
SInv    .            (no boots)
Will    .....        (no amulet)
Stlth   ++           k - ring of flight
HPRegen 0.25/turn    (no ring)
MPRegen 0.12/turn

%: no passive effects
@: attractive, flying, hasted, very quick
A: fangs 1, strong nose, distributed training
a: no special abilities


You were on level 2 of the Dungeon.
You visited 1 branch of the dungeon, and saw 2 of its levels.

You collected 52 gold pieces.

Inventory:

Hand Weapons
 d - a +3 whip (weapon)
Armour
 a - a +0 robe (worn)
Jewellery
 k - a ring of flight (left hand)
Scrolls
 c - 2 scrolls of identify {unknown}
 e - 2 scrolls of poison {unknown}
 g - a scroll of revelation {unknown}
Potions
 b - a potion of magic
 i - a potion of curing {unknown}
 j - a potion of heal wounds {unknown}


   Skills:
 + Level 1.2 Fighting
 + Level 1.2 Short Blades
 + Level 1.2 Long Blades
 + Level 1.2 Axes
 + Level 1.2 Maces & Flails
 + Level 1.2 Polearms
 + Level 1.2 Staves
 + Level 1.2 Ranged Weapons
 + Level 1.2 Throwing
 + Level 1.2 Armour
 + Level 4.7 Dodging
 + Level 4.3 Stealth
 + Level 1.2 Shields
 + Level 1.2 Unarmed Combat
 + Level 5.1 Spellcasting
 + Level 7.1 Conjurations
 + Level 1.0 Hexes
 + Level 1.0 Summonings
 + Level 1.0 Necromancy
 + Level 1.0 Translocations
 + Level 1.0 Fire Magic
 + Level 1.0 Ice Magic
 + Level 1.0 Air Magic
 + Level 1.0 Earth Magic
 + Level 1.0 Alchemy
 + Level 1.4 Invocations
 + Level 1.2 Evocations
 + Level 1.1 Shapeshifting


You had 12 spell levels left.
You knew the following spells:

 Your Spells              Type           Power      Damage    Failure   Level
a - Magic Dart            Conj           100%       1d8       1%          1

Your spell library contained the following spells:

 Spells                   Type           Power      Damage    Failure   Level
 Searing Ray              Conj           64%        2d6       1%          2
 Sting                    Conj/Alch      80%        1d8       2%          1
 Apportation              Tloc           16%        N/A       8%          1
 Necrotise                Necr           32%        1d5       8%          1
 Summon Small Mammal      Summ           32%        N/A       8%          1
 Fulminant Prism          Conj/Alch      10%        3d9       22%         4
 Iskenderun's Mystic Bla  Conj/Tloc      20%        2d6       22%         4
 Tukima's Dance           Hex            8%         N/A       24%         3
 Passage of Golubria      Tloc           8%         N/A       61%         4
 Yara's Violent Unravell  Hex/Alch       4%         3d4       91%         5


Dungeon Overview and Level Annotations

Branches:
Dungeon (2/15)

Altars:

Annotations:
D:2 Terence


Innate Abilities, Weirdness & Mutations

You have very sharp teeth.
Your uncanny sense of smell can sniff out nearby items.
Your experience applies equally to all skills.


Message History

Aim: Terence, wielding a +0 flail and wearing a +0 chain mail (moderately wounded, 100% to hit)
The magic dart hits Terence.
Terence is moderately wounded.
Terence screams, "I want your blood!" Terence barely misses you.
Aiming: Magic Dart (safe; 1% risk of failure)
Press: ? - help, Q - select action Shift-Dir - straight line, f/p - Terence
Aim: Terence, wielding a +0 flail and wearing a +0 chain mail (moderately wounded, 100% to hit)
The magic dart hits Terence.
Terence is heavily wounded.
Terence hits you with a +0 flail.
Aiming: Magic Dart (safe; 1% risk of failure)
Press: ? - help, Q - select action Shift-Dir - straight line, f/p - Terence
Aim: Terence, wielding a +0 flail and wearing a +0 chain mail (heavily wounded, 100% to hit)
The magic dart hits Terence but does no damage.
Terence is heavily wounded.
Terence barely misses you.
Aiming: Magic Dart (safe; 1% risk of failure)
Press: ? - help, Q - select action Shift-Dir - straight line, f/p - Terence
Aim: Terence, wielding a +0 flail and wearing a +0 chain mail (heavily wounded, 100% to hit)
The magic dart hits Terence.
Terence is heavily wounded.
Terence barely misses you.
Aiming: Magic Dart (safe; 1% risk of failure)
Press: ? - help, Q - select action Shift-Dir - straight line, f/p - Terence
Aim: Terence, wielding a +0 flail and wearing a +0 chain mail (heavily wounded, 100% to hit)
The magic dart hits Terence.
Terence is severely wounded.
Terence hits you with a +0 flail!
* * * LOW HITPOINT WARNING * * *
It was a potion of attraction.
You feel attractive to monsters. Terence barely misses you.
It was a potion of haste.
You feel yourself speed up. Terence closely misses you.
Terence is attracted toward you. Terence looks scornfully at you.
Terence attacks as he pursues you! Terence hits you with a +0 flail.
You die...
Terence says, "Time to find some more victims."

####.#.#.......##
#...###....#.#...
#.##.#.#####.#.#.
#.###.## #...#.##
#.# #.# #.###†##
#.# #.####.###.#
#.# #.##.....#.#
###.#
#.##.###.#.#
#.@.# #....#
#...# #@#.#
####.###.###
#§### #.....####
#§#∆∆ ###.###<..
#†#∆ ..........
#.## ###.......
#..# #####.##
#.## #.#
#..#.##+# #.#


You could see Terence.

Vanquished Creatures
  Natasha (twice) (D:2)
  4 dart slugs
  2 endoplasms (D:1)
  3 giant cockroaches
  2 goblins
  6 hobgoblins
  2 jackals (D:2)
  3 quokkas
  3 ball pythons
  4 bats (D:1)
  2 frilled lizards
  4 kobolds
37 creatures vanquished.

Notes
Turn   | Place    | Note
-------+----------+-------------------------------------------
     0 | D:1      | Malificent the Gnoll Conjurer began the quest for the Orb.
     0 | D:1      | Reached XP level 1. HP: 13/13 MP: 6/6
   205 | D:1      | Reached XP level 2. HP: 19/19 MP: 3/7
   586 | D:1      | Reached skill level 5 in Spellcasting
   586 | D:1      | Reached XP level 3. HP: 25/25 MP: 6/9
   972 | D:2      | Reached skill level 1 in Invocations
  1169 | D:2      | Noticed Natasha
  1174 | D:2      | Killed Natasha
  1175 | D:2      | Reached skill level 1 in Fighting
  1175 | D:2      | Reached skill level 1 in Short Blades
  1175 | D:2      | Reached skill level 1 in Long Blades
  1175 | D:2      | Reached skill level 1 in Axes
  1175 | D:2      | Reached skill level 1 in Maces & Flails
  1175 | D:2      | Reached skill level 1 in Polearms
  1175 | D:2      | Reached skill level 1 in Staves
  1175 | D:2      | Reached skill level 1 in Ranged Weapons
  1175 | D:2      | Reached skill level 1 in Throwing
  1175 | D:2      | Reached skill level 1 in Armour
  1175 | D:2      | Reached skill level 1 in Shields
  1175 | D:2      | Reached skill level 1 in Unarmed Combat
  1175 | D:2      | Reached skill level 1 in Evocations
  1175 | D:2      | Reached skill level 1 in Shapeshifting
  1175 | D:2      | Reached XP level 4. HP: 32/32 MP: 6/11
  1193 | D:2      | Noticed Natasha
  1203 | D:2      | Killed Natasha
  1204 | D:2      | Reached skill level 1 in Hexes
  1204 | D:2      | Reached skill level 1 in Summonings
  1204 | D:2      | Reached skill level 1 in Necromancy
  1204 | D:2      | Reached skill level 1 in Translocations
  1204 | D:2      | Reached skill level 1 in Fire Magic
  1204 | D:2      | Reached skill level 1 in Ice Magic
  1204 | D:2      | Reached skill level 1 in Air Magic
  1204 | D:2      | Reached skill level 1 in Earth Magic
  1204 | D:2      | Reached skill level 1 in Alchemy
  1358 | D:2      | Noticed Terence
  1390 | D:2      | Slain by Terence

Illustrated notes

Levels and vault maps discovered:
D:1:      minmay_arrival_plants_in_alcoves, layout_basic,
          minmay_misc_feat_alley, chequers_serial_rivers_micro_b
D:2:      minmay_wonky_spiral, layout_loops_ring, minmay_indecisive_spiral,
          uniq_natasha, uniq_terence

Skill      XL: |  1  2  3  4 |
---------------+-------------+-----
Spellcasting   | 5 |  5.1
Invocations    | 1 |  1.4
Fighting       | 1 |  1.2
Short Blades   | 1 |  1.2
Long Blades    | 1 |  1.2
Axes           | 1 |  1.2
Maces & Flails | 1 |  1.2
Polearms       | 1 |  1.2
Staves         | 1 |  1.2
Ranged Weapons | 1 |  1.2
Throwing       | 1 |  1.2
Armour         | 1 |  1.2
Shields        | 1 |  1.2
Unarmed Combat | 1 |  1.2
Evocations     | 1 |  1.2
Shapeshifting  | 1 |  1.1
Hexes          | 1 |  1.0
Summonings     | 1 |  1.0
Necromancy     | 1 |  1.0
Translocations | 1 |  1.0
Fire Magic     | 1 |  1.0
Ice Magic      | 1 |  1.0
Air Magic      | 1 |  1.0
Earth Magic    | 1 |  1.0
Alchemy        | 1 |  1.0
Dodging        | |  4.7
Stealth        | |  4.3
Conjurations   | |  7.1

Action                     |  1- 3 |  4- 6 || total
---------------------------+-------+-------++-------
  Melee: Whip              |    10 |    15 ||    25
         Bite              |     1 |     3 ||     4
   Cast: Magic Dart        |    46 |    22 ||    68
    Use: Potion            |       |     2 ||     2
   Stab: Sleeping          |     1 |       ||     1
 Armour: Robe              |     9 |    11 ||    20
  Dodge: Dodged            |     4 |    18 ||    22

Table legend: (Time is in decaauts)
 A = Elapsed time spent in this place.
 B = Non-inter-level travel time spent in this place.
 C = Inter-level travel time spent in this place.
 D = Time resting spent in this place.
 E = Time spent auto-exploring this place.
 F = Levels seen in this place.
 G = Mean time per level.
                   A        B        C        D        E       F      G
               +--------+--------+--------+--------+--------+-----+--------+
         Total |   1396 |   1393 |      3 |    117 |   1036 |   2 |  698.0 |
       Dungeon |   1396 |   1393 |      3 |    117 |   1036 |   2 |  698.0 |
               +--------+--------+--------+--------+--------+-----+--------+

Top non-repeatable levels by time:
     D:1: 900 daAuts
     D:2: 496 daAuts
